Unix NetHack Version 5.0.0-0 post-release - last build Jun 10 2026 00:39:30 (3ee93aec679c4c4259841fe613dc97188e26a321,branch:main).

Game began 2026-06-29 21:51:34, ended 2026-06-29 22:04:22.

Felix1, neutral male human Archeologist

                        -
                        -
                        |.
                        |...
                        ..?..
                        |....*e@####
                        ----- ##h    ----+--
                              # #### |.....|
                                   # |......
                                   ##......|
                                     |.....|
                                    #.....<|
                                   ##-------
                                  ##
                               ####

Felix1 the Field Worker    St:11 Dx:9 Co:10 In:18 Wi:18 Ch:11  Neutral
Dlvl:5  $:70 HP:0(26) Pw:14(14) AC:9  Xp:3 T:2256 

Latest messages:
 There is an open door here.
 You see here a +0 pick-axe.
 e - a +0 pick-axe.
 The door opens.
 The door opens.
 You kill the newt!
 You see here 2 gold pieces.
 $ - 2 gold pieces (70 in total).
 The door opens.
 You find a hidden passage.
 The door opens.
 You try to move the boulder, but in vain.
 You try to move the boulder, but in vain.
 What do you want to use or apply? [ae-ilvw or ?*] a
 In what direction? <esc>
 With great effort you move the boulder.
 You descend the stairs.
 Drink from the fountain? [yn] (n) y
 You feel self-knowledgeable...
 The feeling subsides.
 The fountain dries up!
 The door opens.
 KABOOM!!  The door was booby-trapped!
 You stagger...
 You feel a bit steadier now.
 In what direction? 4
 The worthless piece of green glass hits the floating eye.
 You lash the floating eye.
 You are frozen by the floating eye's gaze!
 You can move again.
 You lash the floating eye.
 You lash the floating eye.
 You are frozen by the floating eye's gaze!
 You can move again.
 You lash the floating eye.
 You lash the floating eye.
 You are frozen by the floating eye's gaze!
 You can move again.
 You lash the floating eye.
 You are frozen by the floating eye's gaze!
 You are hit by a dagger.
 The dwarf hits!
 The dwarf hits!
 The dwarf hits!
 The dwarf hits!
 The dwarf hits!
 The dwarf hits!
 The dwarf hits!
 You die...
 Do you want your possessions identified? [ynq] (y) q

Inventory:
 Coins    ('$')
  $ - 70 gold pieces
 Weapons  (')')
  a - a +2 bullwhip (weapon in right hand)
 Armor    ('[')
  c - an uncursed +0 fedora (being worn)
  b - an uncursed +0 leather jacket (being worn)
 Comestibles  ('%')
  l - an uncursed cream pie
  d - 6 uncursed food rations
 Scrolls  ('?')
  k - an uncursed scroll of amnesia
 Potions  ('!')
  m - an uncursed potion of gain level
  o - 2 uncursed potions of healing
  s - an uncursed potion of water
 Tools    ('(')
  h - an empty uncursed sack
  v - an uncursed tooled horn
  w - an uncursed blindfold
  i - an uncursed oil lamp
  e - a +0 pick-axe
  f - a tinning kit (0:32)
 Gems/Stones  ('*')
  u - an uncursed worthless piece of orange glass
  g - an uncursed touchstone

Felix1 the Archeologist's attributes:

Background:
 You were a Field Worker, a level 3 male human Archeologist.
 You were neutral, on a mission for Camaxtli
 who was opposed by Quetzalcoatl (lawful) and Huhetotl (chaotic).
 You were right-handed.
 You were in the Dungeons of Doom, on level 5.
 You entered the dungeon 2256 turns ago.
 It was nighttime.
 There was a full moon in effect when your adventure ended.
 You had 72 experience points, 8 more were needed to attain level 4.

Basics:
 You had 0 out of 26 hit points.
 You had all 14 energy points (spell power).
 Your armor class was 9.
 Your wallet contained 70 zorkmids.
 Autopickup was off.

Final Characteristics:
 Your strength was 11 (limit:18/100).
 Your dexterity was 9 (limit:18).
 Your constitution was 10 (limit:18).
 Your intelligence was 18 (limit:18).
 Your wisdom was 18 (limit:18).
 Your charisma was 11 (limit:18).

Final Status:
 You weren't hungry.
 You were unencumbered.
 You were wielding a whip.
 You had basic skill with whip.

Final Attributes:
 You were devoutly aligned.
 You had automatic searching.
 You were lucky.
 You are dead.

Miscellaneous:
 You didn't encounter any bones levels.
 Total elapsed playing time was 12 minutes and 47 seconds.

Major events:
 Turn
    1: Felix1 the neutral male human Archeologist entered the dungeon
 1148: attained the rank of Field Worker (level 3)
 2256: killed by a dwarf, while frozen by a floating eye's gaze

You didn't know any spells.

Skills:
 Fighting Skills
   bare handed combat [Unskilled]
   two weapon combat  [Unskilled]
   riding             [Unskilled]
 Weapon Skills
   dagger             [Unskilled]
   knife              [Unskilled]
   pick-axe           [Basic]
   short sword        [Unskilled]
   saber              [Unskilled]
   club               [Unskilled]
   quarterstaff       [Unskilled]
   sling              [Unskilled]
   dart               [Unskilled]
   boomerang          [Unskilled]
   whip               [Basic]
   unicorn horn       [Unskilled]
 Spellcasting Skills
   attack spells      [Unskilled]
   healing spells     [Unskilled]
   divination spells  [Unskilled]
   matter spells      [Unskilled]

Voluntary challenges:
 Character rerolling was not enabled.
 You never genocided any monsters.
 You never polymorphed an object.
 You never changed form.
 You used no wishes.
Achievements:
 You entered a shop.
 You attained the rank of Field Worker.

 The Dungeons of Doom: levels 1 to 5
    Level 1:
       An altar to Camaxtli.
    Level 2:
    Level 3:
       A general store, a sink.
    Level 4:
       A general store.
    Level 5: <- You were here.
       Final resting place for
          you, killed by a dwarf, while frozen by a floating eye's gaze.


Vanquished creatures:
  a shrieker
  2 hobgoblins
  a giant rat
  2 cave spiders
  a gnome zombie
  a gecko
  a jackal
  2 goblins
  4 grid bugs
  5 lichens
  2 kobold zombies
  3 newts
25 creatures vanquished.

No species were genocided or became extinct.

Game over:
                       ----------
                      /          \
                     /    REST    \
                    /      IN      \
                   /     PEACE      \
                  /                  \
                  |      Felix1      |
                  |      70 Au       |
                  |   killed by a    |
                  |      dwarf       |
                  |                  |
                  |                  |
                  |       2026       |
                 *|     *  *  *      | *
        _________)/\\_//(\/(/\)/\//\/|_)_______

Goodbye Felix1 the Archeologist...

You died in The Dungeons of Doom on dungeon level 5 with 551 points,
and 70 pieces of gold, after 2256 moves.
You were level 3 with a maximum of 26 hit points when you died.

